 Dungeon Crawl Stone Soup version 0.29-a0-887-gcbe080d7e0 (webtiles) character file.

Game seed: 5896365089888676868

7 croobank the Firebug (level 2, -1/17 HPs)
             Began as an Octopode Fire Elementalist on July 21, 2022.
             Slain by a jackal (2 damage)
             ... on level 1 of the Dungeon.
             The game lasted 00:01:44 (372 turns).

croobank the Firebug (Octopode Fire Elementalist)    Turns: 372, Time: 00:01:45

Health: -1/17      AC:  1    Str: 13    XL:     2   Next: 4%
Magic:  3/5        EV: 13    Int: 17    God:
Gold:   21         SH:  0    Dex: 12    Spells: 4/5 levels left

rFire   . . .      SeeInvis .   (no weapon)
rCold   . . .      Faith    .   (no shield)
rNeg    . . .      Spirit   .   (helmet restricted)
rPois   .          Reflect  .   (no amulet)
rElec   .          Harm     .   b - +6 ring of strength
rCorr   .          Rampage  .   (no ring)
Will    .....                   (no ring)
Stlth   +++.......              (no ring)
HPRegen 0.05/turn               (no ring)
MPRegen 0.09/turn               (no ring)
                                (no ring)
                                (no ring)

@: no status effects
A: almost no armour, amphibious, 8 rings, camouflage 1, gelatinous body 1,
(nimble swimmer 1), tentacles
a: no special abilities


You were on level 1 of the Dungeon.
You visited 1 branch of the dungeon, and saw 1 of its levels.

You collected 21 gold pieces.

Inventory:

Jewellery
 b - a +6 ring of strength (left tentacle)


   Skills:
 + Level 0.0 Fighting
 + Level 2.1 Dodging
 + Level 2.9 Stealth
 + Level 2.1 Spellcasting
 + Level 1.2 Conjurations
 + Level 3.1 Fire Magic


You had 4 spell levels left.
You knew the following spells:

 Your Spells              Type           Power      Damage    Failure   Level
a - Foxfire               Conj/Fire      36%        2x1d5     8%          1

Your spell library contained the following spells:

 Spells                   Type           Power      Damage    Failure   Level
 Scorch                   Fire           24%        2d6       9%          2
 Conjure Flame            Conj/Fire      9%         6-21      24%         3
 Poisonous Vapours        Pois/Air       2%         N/A       28%         2
 Inner Flame              Hex/Fire       7%         N/A       30%         3
 Dazzling Flash           Conj/Hex       6%         N/A       41%         3
 Flame Wave               Conj/Fire      9%         2d5       61%         4
 Iskenderun's Mystic Bla  Conj/Tloc      3%         2d3       83%         4
 Corpse Rot               Necr/Pois/Air  1%         N/A       88%         4
 Starburst                Conj/Fire      4%         6d4       100%        6


Dungeon Overview and Level Annotations

Branches:
Dungeon (1/15)

Altars:

Shops:
D:1 =*


Innate Abilities, Weirdness & Mutations

You cannot wear most types of armour.
You are amphibious.
You can wear up to eight rings at the same time.
Your skin changes colour to match your surroundings (Stealth+).
Your rubbery body absorbs attacks. (AC +1, EV +1)
((You are camouflaged when in or above water. (Stealth+)))
You have tentacles for arms and can constrict up to eight enemies at once.


Message History

The jackal is moderately wounded.
The jackal closely misses you.
You tentacle-slap the jackal but do no damage.
Your grab misses the jackal.
The jackal is moderately wounded.
The jackal closely misses you.
Casting: Foxfire (safe; 8% risk of failure)
Confirm with . or Enter, or press ? or * to list all spells.
You don't have enough magic to cast this spell.
The jackal closely misses you. The jackal closely misses you. x2
You tentacle-slap the jackal but do no damage.
Your grab misses the jackal.
The jackal is moderately wounded.
You barely miss the jackal. Your grab misses the jackal.
The jackal bites you. x2
You are too injured to fight recklessly!
You are too injured to fight recklessly!
You are too injured to fight recklessly!
You are too injured to fight recklessly!
You are too injured to fight recklessly!
You closely miss the jackal. Your grab misses the jackal.
The jackal is moderately wounded.
The jackal closely misses you. The jackal bites you.
* * * LOW HITPOINT WARNING * * *
Magic courses through your body. The jackal barely misses you.
The jackal bites you.
* * * LOW HITPOINT WARNING * * *
Casting: Foxfire (safe; 8% risk of failure)
Confirm with . or Enter, or press ? or * to list all spells.
You conjure some foxfire!
The jackal barely misses you. The jackal closely misses you.
The jackal bites you.
* * * LOW HITPOINT WARNING * * *
The jackal closely misses you.
Your foxfire dissipates!
The foxfire hits the jackal but does no damage.
You see here a +0 whip.
Casting: Foxfire (safe; 8% risk of failure)
Confirm with . or Enter, or press ? or * to list all spells.
You conjure some foxfire!
The jackal bites you.
You die...

#....................
#....#######.#######.
#.##.# #+# #. # #.#
#. #.# ## # #.# #.
#.# +.##∩#######
#...@v......
#..hhv.....$
#...........
#...........
#...........
............
...##........ #...
######### #...


You could see 2 jackals.

Vanquished Creatures
  A giant cockroach (D:1)
  A hobgoblin (D:1)
  A jackal (D:1)
  A quokka (D:1)
  A ball python (D:1)
  A kobold (D:1)
  A rat (D:1)
7 creatures vanquished.

Vanquished Creatures (others)
  17 foxfires (D:1)
17 creatures vanquished.

Grand Total: 24 creatures vanquished

Notes
Turn   | Place    | Note
-------+----------+-------------------------------------------
     0 | D:1      | croobank the Octopode Fire Elementalist began the quest for
                  | the Orb.
     0 | D:1      | Reached XP level 1. HP: 11/11 MP: 3/3
   302 | D:1      | Found Falamioh's Assorted Antiques.
   340 | D:1      | Found Ykiepol's Jewellery Emporium.
   361 | D:1      | Reached XP level 2. HP: 12/17 MP: 1/5
   372 | D:1      | Slain by a jackal

Illustrated notes

Levels and vault maps discovered:
D:1:      dpeg_arrival_simpleton_b, layout_basic,
          hellmonk_ecumenical_altar_crossroads, serial_shops,
          nicolae_shop_stone, shop, hangedman_decor_lopped

Action                   || total
-------------------------++-------
Melee: Unarmed           ||    11
       Constrict         ||     3
       Tentacles         ||     1
 Cast: Foxfire           ||    11
  Use: Potion            ||     1
Armor: Skin              ||     3
Dodge: Dodged            ||    20

Table legend: (Time is in decaauts)
 A = Elapsed time spent in this place.
 B = Non-inter-level travel time spent in this place.
 C = Inter-level travel time spent in this place.
 D = Time resting spent in this place.
 E = Time spent auto-exploring this place.
 F = Levels seen in this place.
 G = Mean time per level.
                   A        B        C        D        E       F      G
               +--------+--------+--------+--------+--------+-----+--------+
         Total |    371 |    371 |      0 |      0 |    312 |   1 |  371.0 |
       Dungeon |    371 |    371 |      0 |      0 |    312 |   1 |  371.0 |
               +--------+--------+--------+--------+--------+-----+--------+

Top non-repeatable levels by time:
     D:1: 371 daAuts
